 Dungeon Crawl Stone Soup version 0.32-a0-705-g60f233581c (webtiles) character file.

Game seed: 18146466524587026990

32 BeKind the Ducker (level 3, 0/26 HPs)
             Began as an Octopode Fighter on Mar 14, 2024.
             Slain by an ogre
             ... wielding a +0 giant spiked club
              (26 damage)
             ... while paralysed by Ijyb
             ... on level 3 of the Dungeon.
             The game lasted 00:00:44 (1159 turns).

BeKind the Ducker (Octopode Fighter)                Turns: 1159, Time: 00:00:44

Health: 0/26       AC:  1    Str: 15    XL:     3   Next: 27%
Magic:  3/3        EV:  2    Int: 10    God:
Gold:   58         SH:  0    Dex: 13    Spells: 2/2 levels left

rFire   . . .        a - +0 trident
rCold   . . .        b - +0 buckler
rNeg    . . .        (helmet restricted)
rPois   .            (no amulet)
rElec   .            (no ring)
rCorr   .            (no ring)
SInv    .            (no ring)
Will    .....        (no ring)
Stlth   ++           (no ring)
HPRegen 0.24/turn    (no ring)
MPRegen 0.08/turn    (no ring)
                     (no ring)

%: no passive effects
@: paralysed
A: almost no armour, amphibious, 8 rings, camouflage 1, gelatinous body 1,
(nimble swimmer 1), tentacles
a: no special abilities


You were on level 3 of the Dungeon.
You visited 1 branch of the dungeon, and saw 3 of its levels.

You collected 58 gold pieces.

Inventory:

Hand Weapons
 a - a +0 trident (weapon)
Armour
 b - a +0 buckler (worn)
Scrolls
 d - 3 scrolls of teleportation {unknown}
 e - a scroll of noise {unknown}
 g - a scroll of poison {unknown}
 h - a scroll of identify {unknown}
 i - a scroll of torment {unknown}
 l - a scroll of amnesia {unknown}
Potions
 c - a potion of might
 f - a potion of resistance {unknown}
 j - 2 potions of enlightenment {unknown}
 k - a potion of heal wounds {unknown}


   Skills:
 + Level 3.3 Fighting
 + Level 2.4 Polearms
 + Level 3.3 Dodging
 + Level 3.3 Shields


You had 2 spell levels left.
You didn't know any spells.
Your spell library contained the following spells:

 Spells                   Type           Power      Damage    Failure   Level
 Freeze                   Ice            0%         1d3       45%         1
 Ensorcelled Hibernation  Hex/Ice        0%         N/A       58%         2
 Summon Blazeheart Golem  Fire/Summ      0%         N/A       99%         4
 Haunt                    Necr/Summ      0%         N/A       100%        7


Dungeon Overview and Level Annotations

Branches:
Dungeon (3/15)

Altars:

Annotations:
D:3 Ijyb


Innate Abilities, Weirdness & Mutations

You cannot wear most types of armour.
You are amphibious.
You can wear up to eight rings at the same time.
Your skin changes colour to match your surroundings (Stealth+).
Your rubbery body absorbs attacks. (AC +1, EV +1)
((You are camouflaged when in or above water. (Stealth+)))
You have tentacles for arms and can constrict up to eight enemies at once.


Message History

a +0 dagger; 4 stones
There is a stone staircase leading down here.
You climb downwards.
There is a stone staircase leading up here.
A ball python is nearby!
You reach to attack!
The helpless ball python fails to defend itself.
You puncture the ball python!
You kill the ball python!
There is a shaft here.
Found a stone staircase leading down.
No target in view!
Key pressed, stopping explore.
No target in view!
No target in view!
l - a scroll labelled SOTATATTEPPI
Found a stone.
No target in view!
A quokka comes into view.
A quokka is nearby!
You reach to attack!
The helpless quokka fails to defend itself.
You hit the quokka.
The quokka is severely wounded.
A quokka is nearby!
You completely miss the quokka. You grab the quokka.
The quokka is severely wounded.
You constrict the quokka.
You kill the quokka!
Found a stone staircase leading down.
No target in view!
Found a stone staircase leading up.
No target in view!
An ogre comes into view. It is wielding a +0 giant spiked club.
Ijyb the Inquisitive comes into view.
She is wielding a +0 club and carrying a wand of paralysis.
The ogre shouts!
Ijyb zaps a wand.
You suddenly lose the ability to move!
The ogre hits you with a +0 giant spiked club!!
Ouch! That really hurt!
You die...

.. #.... .. .. #.... .##
# .. .....
.#....##.#...#.##.##....
.......... ....#...#....
.........# ..#..........
.........##..# ... #....
....g..O.....####.##....
#####+#@##.####.........
#.......#.....#..##.....
#.............#...#.####
#.....<.#...#.......#
........##.##.#...#.#
#.............##.##.#
#........>.........(#
#######.....#########
#.....#


You could see an ogre and Ijyb.

Vanquished Creatures
  3 dart slugs
  2 endoplasms (D:2)
  A giant cockroach (D:1)
  2 goblins (D:1)
  2 hobgoblins (D:1)
  A quokka (D:3)
  2 ball pythons
  2 bats
  A frilled lizard (D:1)
  8 kobolds
  3 rats
27 creatures vanquished.

Notes
Turn   | Place    | Note
-------+----------+-------------------------------------------
     0 | D:1      | BeKind the Octopode Fighter began the quest for the Orb.
     0 | D:1      | Reached XP level 1. HP: 16/16 MP: 1/1
   143 | D:1      | Reached XP level 2. HP: 21/21 MP: 2/2
   379 | D:1      | Found a faded altar of an unknown god.
   386 | D:1      | Got Jyoti Diept's Essays on Generated Ice
   750 | D:2      | Reached XP level 3. HP: 26/26 MP: 3/3
  1157 | D:3      | Noticed an ogre
  1158 | D:3      | Noticed Ijyb
  1158 | D:3      | Paralysed by Ijyb for 3 turns
  1159 | D:3      | Slain by an ogre

Illustrated notes

Levels and vault maps discovered:
D:1:      matt_arrival_diagonals, layout_basic,
          hellmonk_ecumenical_altar_zigzags, chequers_serial_rivers_micro_d
D:2:      layout_rooms
D:3:      minmay_goblin_kobold_castle, layout_basic,
          lemuel_coloured_pillars_altar, minmay_misc_feat_tiny,
          hangedman_decor_clover_reticule, minmay_misc_feat_more_columns,
          uniq_ijyb

Action                     || total
---------------------------++-------
  Melee: Trident           ||    49
         Constrict         ||     9
         Tentacles         ||     4
   Stab: Sleeping          ||     6
 Armour: Skin              ||    10
  Dodge: Dodged            ||    12
  Block: Buckler           ||     1

Table legend: (Time is in decaauts)
 A = Elapsed time spent in this place.
 B = Non-inter-level travel time spent in this place.
 C = Inter-level travel time spent in this place.
 D = Time resting spent in this place.
 E = Time spent auto-exploring this place.
 F = Levels seen in this place.
 G = Mean time per level.
                   A        B        C        D        E       F      G
               +--------+--------+--------+--------+--------+-----+--------+
         Total |   1170 |   1105 |     65 |      0 |    940 |   3 |  390.0 |
       Dungeon |   1170 |   1105 |     65 |      0 |    940 |   3 |  390.0 |
               +--------+--------+--------+--------+--------+-----+--------+

Top non-repeatable levels by time:
     D:1: 666 daAuts
     D:2: 446 daAuts
     D:3: 56 daAuts
